 Dungeon Crawl Stone Soup version 0.31.0-4-g52a2dc7128 (webtiles) character file.

Game seed: 4640303556371561479

12 GordonOverkill the Cutter (level 2, -2/19 HPs)
             Began as a Kobold Reaver on Jan 23, 2024.
             Slain by an orc
             ... wielding a +0 hand axe
              (6 damage)
             ... on level 2 of the Dungeon.
             The game lasted 00:00:42 (376 turns).

GordonOverkill the Cutter (Kobold Reaver)            Turns: 376, Time: 00:00:42

Health: -2/19      AC:  3    Str:  9    XL:     2   Next: 45%
Magic:  5/5        EV: 14    Int: 14    God:
Gold:   10         SH:  0    Dex: 13    Spells: 5/6 levels left

rFire   . . .        a - +0 short sword
rCold   . . .        (no shield)
rNeg    . . .        b - +0 leather armour
rPois   .            (no helmet)
rElec   .            (no cloak)
rCorr   .            (no gloves)
SInv    .            (no boots)
Will    .....        (no amulet)
Stlth   ++           (no ring)
HPRegen 0.23/turn    (no ring)
MPRegen 0.09/turn

%: no passive effects
@: no status effects
A: small, no large weapons, nightstalker 3
a: no special abilities


You were on level 2 of the Dungeon.
You visited 1 branch of the dungeon, and saw 2 of its levels.

You collected 10 gold pieces.

Inventory:

Hand Weapons
 a - a +0 short sword (weapon)
Armour
 b - a +0 leather armour (worn)
Scrolls
 c - a scroll of teleportation {unknown}
 d - a scroll of immolation {unknown}
Potions
 e - a potion of lignification {unknown}


   Skills:
 - Level 3.0 Fighting
 - Level 4.0 Short Blades
 - Level 2.4 Dodging
 + Level 2.5 Spellcasting
 - Level 3.0 Conjurations


You had 5 spell levels left.
You knew the following spells:

 Your Spells              Type           Power      Damage    Failure   Level
a - Kiss of Death         Conj/Necr      20%        2d7       17%         1

Your spell library contained the following spells:

 Spells                   Type           Power      Damage    Failure   Level
 Momentum Strike          Conj/Tloc      10%        3d8       26%         2
 Hailstorm                Conj/Ice       5%         3d5       45%         3


Dungeon Overview and Level Annotations

Branches:
Dungeon (1/15)

Altars:


Innate Abilities, Weirdness & Mutations

You are small and have problems with some larger weapons.
You are completely attuned to the shadows.


Message History

The goblin is almost dead.
The goblin hits you with a +0 club.
You hit the goblin.
You kill the goblin!
No target in view!
No target in view!
You start resting.
HP restored.
You see here a +0 club.
An orc comes into view. It is wielding a +0 hand axe.
An orc is nearby!
An orc is nearby!
An orc is nearby!
No target in view!
No target in view!
You barely miss the orc.
The orc shouts!
A quokka comes into view.
The orc hits you with a +0 hand axe.
You are too injured to fight recklessly!
You are too injured to fight recklessly!
You are too injured to fight recklessly!
You hit the orc.
The orc is lightly wounded.
You completely miss the orc.
The orc is lightly wounded.
The orc hits you with a +0 hand axe.
* * * LOW HITPOINT WARNING * * *
You barely miss the orc.
The orc is lightly wounded.
The orc misses you.
You closely miss the orc.
The orc is lightly wounded.
The quokka misses you. The orc barely misses you.
You hit the orc.
The orc is severely wounded.
The quokka barely misses you. The orc hits you with a +0 hand axe.
* * * LOW HITPOINT WARNING * * *
The orc attacks as it pursues you! The orc hits you with a +0 hand axe.
You die...

.## #.###.. ..##......
#. #.##.....#
##.##.##......
.......@r...#
####.#.##.o...# #
#......###########
#.##.##.### #......#
#.......# #.####.#
###.#########.####.# #
#.##..........##.# .#
#.##.######.#.##.####.#
#....# #.#.........##


You could see an orc and a quokka.

Vanquished Creatures
  A dart slug (D:1)
  2 ball pythons (D:1)
  2 bats (D:1)
  3 goblins
  A kobold (D:1)
  A rat (D:1)
10 creatures vanquished.

Notes
Turn   | Place    | Note
-------+----------+-------------------------------------------
     0 | D:1      | GordonOverkill the Kobold Reaver began the quest for the
                  | Orb.
     0 | D:1      | Reached XP level 1. HP: 12/12 MP: 3/3
    56 | D:1      | Found a faded altar of an unknown god.
   205 | D:1      | Reached XP level 2. HP: 18/18 MP: 5/5
   312 | D:1      | You fall into a shaft and drop 1 floor!
   376 | D:2      | Slain by an orc

Illustrated notes

Levels and vault maps discovered:
D:1:      minmay_arrival_up_and_down, layout_basic, basic_ecumenical_altar
D:2:      layout_loops_cross, minmay_misc_feat_doors,
          hangedman_abyss_or_decor_lesser_grid, dreamdust_mushroom_princess,
          due_unseen_surprise

Skill      XL: |  1  2 |
---------------+-------+-----
Fighting       | 3 |  3.0
Short Blades   | |  4.0
Dodging        | |  2.4
Spellcasting   | |  2.5
Conjurations   | |  3.0

Action                     || total
---------------------------++-------
  Melee: Short sword       ||    28
   Stab: Sleeping          ||     5
 Armour: Leather armour    ||     8
  Dodge: Dodged            ||    10
